 Dungeon Crawl Stone Soup version 0.31-a0-229-g1fc7ce93e2 (webtiles) character file.

Game seed: 17291022884112733177

120 qw the Shooter (level 5, -5/30 HPs)
             Began as a Gargoyle Hexslinger on July 6, 2023.
             Killed by divine providence
             ... invoked by an orc priest
              (13 damage)
             ... on level 3 of the Dungeon.
             The game lasted 00:00:51 (2272 turns).

qw the Shooter (Gargoyle Hexslinger)                Turns: 2272, Time: 00:00:51

Health: -5/30      AC:  8    Str: 11    XL:     5   Next: 4%
Magic:  6/6        EV: 12    Int: 14    God:
Gold:   54         SH:  0    Dex: 14    Spells: 5/6 levels left

rFire   . . .        Y - +1 sling
rCold   + . .        (no shield)
rNeg    + . .        f - +1 robe {Will+}
rPois   inf          (no helmet)
rElec   +            (no cloak)
rCorr   .            a - +0 pair of gloves
SInv    .            (no boots)
Will    +....        (no amulet)
Stlth   +            h - ring of protection from cold
HPRegen 0.25/turn    (no ring)
MPRegen 0.10/turn

%: no passive effects
@: no status effects
A: sickness immunity, AC +4, negative energy resistance 1, electricity
resistance, torment resistance 1, petrification resistance
a: no special abilities


You were on level 3 of the Dungeon.
You visited 1 branch of the dungeon, and saw 3 of its levels.

You collected 79 gold pieces.
You spent 25 gold pieces at shops.


Innate Abilities, Weirdness & Mutations

You are immune to sickness and miasma.
Your stone body is resilient. (AC +4)
You are immune to poison.
You resist negative energy. (rN+)
You are resistant to electric shocks. (rElec)
You are resistant to unholy torment.
You are immune to petrification.


   Skills:
 - Level 2.0 Fighting
 + Level 4.7 Ranged Weapons
 - Level 1.5 Dodging
 - Level 1.0 Spellcasting
 - Level 2.6 Hexes


You had 5 spell levels left.
You knew the following spells:

 Your Spells              Type           Power      Damage    Failure   Level
a - Slow                  Hex            32%        N/A       9%          1

Your spell library contained the following spells:

 Spells                   Type           Power      Damage    Failure   Level
 Inner Flame              Hex/Fire       4%         N/A       41%         3
 Portal Projectile        Hex/Tloc       8%         N/A       41%         3
 Cause Fear               Hex            4%         N/A       65%         4

Inventory:

Hand Weapons
 Y - a +1 sling (weapon)
Armour
 a - a +0 pair of gloves (worn)
 c - a +0 helmet
 d - a +0 ring mail
 f - a +1 robe of willpower (worn)
 n - a +0 cloak
Jewellery
 h - a ring of protection from cold (left hand)
 q - a +6 ring of intelligence
Scrolls
 b - 2 scrolls of teleportation
 j - a scroll of amnesia {unknown}
 l - a scroll of identify
 m - a scroll of immolation {unknown}
 r - a scroll of brand weapon {unknown}
Potions
 e - 2 potions of might
 g - a potion of heal wounds {unknown}
 i - a potion of curing {unknown}
 k - a potion of berserk rage {unknown}
 o - a potion of magic {unknown}
 p - a potion of enlightenment {unknown}

Dungeon Overview and Level Annotations

Branches:
Dungeon (3/15)

Altars:
Kikubaaqudgha
Nemelex Xobeh

Shops:
D:1 (*(


Message History

The howler monkey is lightly wounded.
An orc priest opens the door.
An orc comes into view. It is wielding a +0 club.
You shoot a sling bullet.
The sling bullet closely misses the howler monkey.
The orc shouts!
The orc priest shouts!
You hear a shout!
A quokka comes into view.
You shoot a sling bullet. The sling bullet hits the orc!
You kill the orc!
You hear a shout!
The orc priest invokes the aid of Beogh against you.
Beogh smites you!
A rat comes into view.
The howler monkey hoots and howls with incredible vigour!
An orc wizard comes into view. It is wielding a +0 dagger.
You shoot a sling bullet.
The sling bullet barely misses the howler monkey.
The howler monkey closely misses you.
You shoot a sling bullet.
The sling bullet hits the howler monkey.
The howler monkey is moderately wounded.
The howler monkey closely misses you.
The orc wizard points at you and mumbles some strange words.
The magic dart hits you!
A worm comes into view.
You shoot a sling bullet.
The sling bullet hits the howler monkey!
The howler monkey is severely wounded.
The howler monkey hits you.
The howler monkey hoots and howls with incredible vigour!
The quokka bites you but does no damage.
You shoot a sling bullet.
The sling bullet hits the howler monkey.
The howler monkey is almost dead.
You hear a shout!
The howler monkey hoots and howls with incredible vigour!
The orc priest invokes the aid of Beogh against you.
Beogh smites you!
You die...

##...## ##... ##...
##.....###.... #...[
#......(#..... #.$^.
#.......#..... #....
#.......#..... #...
##.....###.... #..
##...## ##...
#####h#######'#######'#
#.....@................
#....or................
#.....o.................
#...##'#######'#######)#
#.. .r ##...## ##... #w
... ##.....###.... # ...
#.......#..... ....
#.......#.....
#.......#[....


You could see a worm, a howler monkey, an orc priest, an orc wizard, a quokka
and a rat.

Vanquished Creatures
  Natasha (D:2)
  A gnoll (D:1)
  2 adders (D:3)
  A dart slug (D:1)
  An orc (D:3)
  7 ball pythons
  6 bats
  6 endoplasms
  2 giant cockroaches (D:1)
  13 goblins
  4 hobgoblins
  4 kobolds
  3 quokkas
  2 frilled lizards (D:1)
  4 rats
57 creatures vanquished.

Notes
Turn   | Place    | Note
-------+----------+-------------------------------------------
     0 | D:1      | qw the Gargoyle Hexslinger began the quest for the Orb.
     0 | D:1      | Reached XP level 1. HP: 12/12 MP: 2/2
     0 | D:1      | 0 ||| qw: Version: 0.3-a-46-gb1f654a
     0 | D:1      | 0 ||| qw: Game counter: 1298
     0 | D:1      | 0 ||| qw: Melee chars always use a shield: true
     0 | D:1      | 0 ||| qw: God list: Okawaru
     0 | D:1      | 0 ||| qw: Allow faded altars: false
     0 | D:1      | 0 ||| qw: Do Orc after clearing Dungeon:15 true
     0 | D:1      | 0 ||| qw: Do second Lair branch before Depths: true
     0 | D:1      | 0 ||| qw: Lair rune preference: random
     0 | D:1      | 0 ||| qw: Goals: Normal
     0 | D:1      | 0 ||| PLANNING D:1-11
    12 | D:1      | Found Wowuthesoo's Antique Weapon Boutique.
    29 | D:1      | 29 ||| DROPPING scroll of poison.
    45 | D:1      | Reached XP level 2. HP: 16/16 MP: 3/3
    70 | D:1      | Reached skill level 3 in Ranged Weapons
   109 | D:1      | HP: 4/16 [gnoll/+0 whip (4)]
   111 | D:1      | HP: 1/16 [gnoll/+0 whip (3)]
   113 | D:1      | Reached XP level 3. HP: 2/21 MP: 4/4
   282 | D:1      | Found Kepuo's Antique Weapon Shop.
   387 | D:1      | Found Qiruckuj's Assorted Antiques.
   391 | D:1      | 391 ||| BUYING amethyst potion (25 gold).
   391 | D:1      | Bought an amethyst potion for 25 gold pieces
   391 | D:1      | 391 ||| SHOPLISTING bubbling purple potion (25 gold, have
                  | 8).
   391 | D:1      | 391 ||| SHOPLISTING ring mail (112 gold, have 8).
   391 | D:1      | 391 ||| SHOPLISTING scroll labelled COSKIY ARAOCISU (28
                  | gold, have 8).
   391 | D:1      | 391 ||| SHOPLISTING scroll labelled EZEGEHO PONED (28 gold,
                  | have 8).
   391 | D:1      | 391 ||| SHOPLISTING scroll labelled QAZYKHI FEIJE (28 gold,
                  | have 8).
   813 | D:1      | 813 ||| Stepping ~*~*~tactically~*~*~ (water).
  1017 | D:1      | 1017 ||| UPGRADING to +1 robe of willpower.
  1027 | D:1      | 1027 ||| DROPPING +0 robe.
  1028 | D:1      | 1028 ||| READING scroll labelled BEKHAY HIBBUL.
  1029 | D:1      | 1029 ||| READING scroll labelled ARAPUA CUASA.
  1030 | D:1      | 1030 ||| READING scroll labelled QAZYKHI FEIJE.
  1033 | D:1      | 1033 ||| DRINKING 2 amethyst potions.
  1306 | D:2      | Reached XP level 4. HP: 17/26 MP: 5/5
  1519 | D:2      | Noticed Natasha
  1524 | D:2      | Killed Natasha
  1525 | D:2      | Reached skill level 4 in Ranged Weapons
  1770 | D:2      | 1770 ||| UPGRADING to +0 pair of gloves.
  1775 | D:2      | 1775 ||| UPGRADING to ring of protection from cold.
  1776 | D:2      | 1776 ||| READING scroll labelled COSKIY ARAOCISU.
  1777 | D:2      | 1777 ||| DRINKING 2 emerald potions.
  1778 | D:2      | 1778 ||| DROPPING potion of brilliance.
  1854 | D:3      | Found a sparkling altar of Nemelex Xobeh.
  1904 | D:3      | Found an ancient bone altar of Kikubaaqudgha.
  2035 | D:3      | Found a faded altar of an unknown god.
  2245 | D:3      | Reached XP level 5. HP: 30/30 MP: 6/6
  2272 | D:3      | Killed from afar by an orc priest

Levels and vault maps discovered:
D:1:      beargit_arrival_greenhouse, layout_basic, serial_shops, shop,
          nicolae_shop_trees, shop, chequers_serial_rivers_room_b,
          nicolae_grassy_gnolls
D:2:      layout_loops_ring, hangedman_decor_peaks_small, minmay_door_square,
          uniq_natasha
D:3:      kennysheep_six_static_rooms, layout_rooms, kiku_gazebo_pond_becter,
          mainiacjoe_overflow_cross_hatched,
          hellmonk_ecumenical_altar_pennies_from_heaven, uniq_crazy_yiuf_cottage

Skill      XL: |  1  2  3  4 |
---------------+-------------+-----
Ranged Weapons | 3 4 |  4.7
Fighting       | 2 |  2.0
Dodging        | |  1.5
Spellcasting   | |  1.0
Hexes          | |  2.6

Action                     |  1- 3 |  4- 6 || total
---------------------------+-------+-------++-------
   Fire: Sling             |   114 |    76 ||   190
    Use: Scroll            |     3 |     1 ||     4
         Potion            |     1 |     1 ||     2
 Armour: Robe              |    10 |    12 ||    22
  Dodge: Dodged            |    38 |    27 ||    65

Table legend:
 A = Non-vault XP
 B = Vault XP
 C = Vault XP percentage of total XP
 D = Non-vault monster count
 E = Vault monster count
 F = Vault count percentage of total count
                 A         B        C        D         E       F
            +---------+---------+-------+---------+---------+-------
      Total |     105 |      67 |  39.0 |      51 |       6 |  10.5
            +---------+---------+-------+---------+---------+-------
        D:1 |      57 |      14 |  19.7 |      30 |       1 |   3.2
        D:2 |      19 |      35 |  64.8 |      11 |       1 |   8.3
        D:3 |      29 |      18 |  38.3 |      10 |       4 |  28.6
            +---------+---------+-------+---------+---------+-------
